 Seeded DCSS version 0.29.1-15-g9cfb28693d (webtiles) character file.

Game seed: 1 (custom seed)

51 Kazon the Covered (level 4, -5/35 HPs)
             Began as a Human Fighter on Mar 17, 2023.
             Killed by divine providence
             ... invoked by an orc priest
              (9 damage)
             ... on level 3 of the Dungeon.
             The game lasted 00:04:32 (1309 turns).

Kazon the Covered (Human Fighter)                   Turns: 1309, Time: 00:04:32

Health: -5/35      AC: 11    Str: 16    XL:     4   Next: 7%
Magic:  4/4        EV:  9    Int: 10    God:
Gold:   144        SH: 10    Dex: 19    Spells: 3/3 levels left

rFire   . . .      SeeInvis .   a - +0 long sword
rCold   . . .      Faith    .   c - +0 buckler
rNeg    . . .      Spirit   .   l - +0 scale mail
rPois   .          Reflect  +   k - +0 helmet
rElec   .          Harm     .   (no cloak)
rCorr   .          Rampage  .   (no gloves)
Will    .....                   m - +2 pair of boots
Stlth   ..........              f - amulet "Naku" {Reflect Dex+6 SH+5}
HPRegen 0.11/turn               (no ring)
MPRegen 0.09/turn               (no ring)

@: no status effects
A: no striking features
a: no special abilities


You were on level 3 of the Dungeon.
You visited 1 branch of the dungeon, and saw 4 of its levels.

You collected 144 gold pieces.

Inventory:

Hand Weapons
 a - a +0 long sword (weapon)
Missiles
 j - 2 stones (quivered)
Armour
 c - a +0 buckler (worn)
 k - a +0 helmet (worn)
 l - a +0 scale mail (worn)
 m - a +2 pair of boots (worn)
Jewellery
 f - the amulet "Naku" (around neck) {Reflect Dex+6 SH+5}
   (You acquired it on level 1 of the Dungeon)

   [amulet of reflection]

   It reflects blocked missile attacks.
   Dex:       It affects your dexterity (+6).
   SH:        It affects your SH (+5).
Scrolls
 i - a scroll of identify {unknown}
Potions
 b - a potion of berserk rage {unknown}
 d - a potion of might
 e - a potion of haste {unknown}
 g - a potion of flight {unknown}
 h - a potion of attraction {unknown}


   Skills:
 + Level 3.2 Fighting
 + Level 2.3 Long Blades
 + Level 3.8 Armour
 + Level 0.5 Dodging
 + Level 0.5 Stealth
 + Level 3.2 Shields


You had 3 spell levels left.
You didn't know any spells.
Your spell library was empty.

Dungeon Overview and Level Annotations

Branches:
Dungeon (4/15)
 Temple: D:4-7

Altars:


Message History

You closely miss the orc. You block the orc's attack.
You hit the orc but do no damage. You block the orc's attack.
The orc priest calls upon Beogh to heal the orc.
The orc's wounds heal themselves!
You closely miss the orc. The orc hits you but does no damage.
The orc hits you with a +1 dagger of holy wrath.
You barely miss the orc. The orc hits you but does no damage.
You completely miss the orc. The orc hits you but does no damage.
You hit the orc.
The orc is almost dead.
The orc priest miscasts a cantrip.
The orc hits you but does no damage. The orc closely misses you.
You barely miss the orc.
The orc is almost dead.
The orc closely misses you.
You barely miss the orc.
The orc is almost dead.
The orc priest calls down the wrath of Beogh upon you.
Beogh smites you!
* * * LOW HITPOINT WARNING * * *
You block the orc's attack.
You slash the orc!
You kill the orc!
The orc throws a boomerang.
The boomerang hits you.
* * * LOW HITPOINT WARNING * * *
The orc priest casts a cantrip, but nothing happens.
You block the orc's attack.
You have reached level 4!
You feel agile.
You hit the orc.
The orc is severely wounded.
The orc closely misses you.
You hit the orc.
You kill the orc!
You hit the orc.
The orc is lightly wounded.
The orc hits you but does no damage.
The orc priest calls down the wrath of Beogh upon you.
Beogh smites you!
You die...

.. ..# ..# #.#
#.# ##### #.# #
.....o##.## ..
.....oo@..###.##
......##.......#
..... #...###..
#... ##.># ...
##........ #.
#####.### .


You could see an orc priest and 2 orcs.

Vanquished Creatures
  2 adders (D:2)
  A worm (D:2)
  2 orcs (D:3)
  5 endoplasms
  A giant cockroach (D:1)
  4 goblins (D:1)
  3 hobgoblins
  A kobold (D:1)
  A quokka (D:1)
  A ball python (D:2)
  2 bats
  A frilled lizard (D:2)
  3 rats (D:1)
27 creatures vanquished.

Notes
Turn   | Place    | Note
-------+----------+-------------------------------------------
     0 | D:1      | Kazon the Human Fighter began the quest for the Orb.
     0 | D:1      | Reached XP level 1. HP: 18/18 MP: 1/1
    35 | D:1      | Identified a scroll of acquirement
    35 | D:1      | Acquired the amulet "Naku" {Reflect Dex+6 SH+5}
   110 | D:1      | Reached XP level 2. HP: 2/24 MP: 2/2
   815 | D:1      | Reached XP level 3. HP: 29/29 MP: 3/3
  1276 | D:2      | You fall into a shaft and drop 2 floors!
  1307 | D:3      | Reached XP level 4. HP: 4/35 MP: 4/4
  1309 | D:3      | Killed from afar by an orc priest

Illustrated notes

Levels and vault maps discovered:
D:1:      dpeg_arrival_three_smaller_balls, layout_basic
D:2:      layout_loops_ring
D:3:      layout_basic, serial_shops, nicolae_shop_stone, st_stairs_9,
          minmay_misc_feat_doors, eino_curves_03, uniq_robin
D:4:      minmay_wonky_spiral, layout_basic,
          mainiacjoe_overflow_surrounded_room, minivault_5

Action                   |  1- 3 |  4- 6 || total
-------------------------+-------+-------++-------
Melee: Long sword        |    97 |     3 ||   100
Throw: Stone             |     5 |       ||     5
  Use: Scroll            |     1 |       ||     1
Armor: Scale mail        |    43 |     1 ||    44
Dodge: Dodged            |    33 |     1 ||    34
Block: Buckler           |    46 |       ||    46
